 Dungeon Crawl Stone Soup version 0.30.1-4-g462c640d31 (webtiles) character file.

Game seed: 14688073767592469958

3359 arthad the Ducker (level 9, -6/46 HPs)
             Began as a Spriggan Hexslinger on Aug 18, 2023.
             Was a Priest of Okawaru.
             Mangled by a rakshasa (illusionary)
             ... wielding a +0 long sword
              (18 damage)
             ... on level 8 of the Dungeon.
             The game lasted 00:25:36 (8235 turns).

arthad the Ducker (Spriggan Hexslinger)             Turns: 8235, Time: 00:25:36

Health: -6/46      AC:  9    Str:  6    XL:     9   Next: 73%
Magic:  18/18      EV: 20    Int: 15    God:    Okawaru [***...]
Gold:   596        SH:  0    Dex: 19    Spells: 6/19 levels left

rFire   . . .        a - +1 sling
rCold   . . .        (no shield)
rNeg    . . .        O - +0 acid dragon scales
rPois   .            (helmet restricted)
rElec   .            J - +2 cloak
rCorr   +            (gloves unavailable)
SInv    +            (boots unavailable)
Will    +....        (no amulet)
Stlth   +++          (no ring)
HPRegen 0.27/turn    (no ring)
MPRegen 0.16/turn

%: no passive effects
@: very quick
A: very small, no large weapons, unfitting armour, see invisible, speed 3
a: Renounce Religion, Heroism


You were on level 8 of the Dungeon.
You worshipped Okawaru.
Okawaru was most pleased with you.
You visited 1 branch of the dungeon, and saw 8 of its levels.

You collected 596 gold pieces.

Inventory:

Hand Weapons
 a - a +1 sling (weapon)
 h - a +1 dagger of holy wrath
 k - a +1 dagger of electrocution
 o - a +2 dagger of speed
 p - a +1 dagger of venom
 y - a +4 short sword
 K - a +0 shortbow
Armour
 c - a +0 robe
 t - a +2 robe of positive energy
 w - a +2 robe of willpower
 J - a +2 cloak (worn)
 O - +0 acid dragon scales (worn)
Magical Staves
 m - a staff of earth
Wands
 r - a wand of flame (11)
 z - a wand of iceblast (1)
 C - a wand of digging (7)
Scrolls
 b - 2 scrolls of poison
 d - 4 scrolls of teleportation
 e - a scroll of identify
 g - a scroll of silence {unknown}
 j - 2 scrolls of enchant weapon
 q - a scroll of immolation {unknown}
 x - a scroll of brand weapon {unknown}
 A - 3 scrolls of fog {unknown}
 D - 2 scrolls of fear {unknown}
 G - a scroll of vulnerability {unknown}
 L - a scroll of noise {unknown}
Potions
 f - a potion of cancellation
 i - 3 potions of might {unknown}
 l - 2 potions of attraction {unknown}
 n - 3 potions of magic {unknown}
 s - 2 potions of curing {unknown}
 v - a potion of ambrosia {unknown}
 B - 3 potions of berserk rage {unknown}
 E - a potion of resistance {unknown}
 F - 2 potions of degeneration {unknown}
 H - a potion of brilliance {unknown}
 I - a potion of heal wounds
 M - 2 potions of mutation {unknown}
 N - a potion of invisibility
Miscellaneous
 u - a phantom mirror


   Skills:
 * Level 4.7 Fighting
 * Level 6.6 Ranged Weapons
 * Level 7.8 Dodging
 + Level 4.9 Stealth
 + Level 5.5 Spellcasting
 + Level 6.5 Hexes
 + Level 4.7 Translocations
 + Level 3.0 Invocations
 + Level 4.0 Evocations


You had 6 spell levels left.
You knew the following spells:

 Your Spells              Type           Power      Damage    Failure   Level
a - Slow                  Hex            92%        N/A       2%          1
b - Inner Flame           Hex/Fire       14%        N/A       24%         3
c - Portal Projectile     Hex/Tloc       42%        N/A       10%         3
d - Gell's Gravitas       Tloc           18%        N/A       14%         3
e - Teleport Other        Tloc           18%        N/A       14%         3

Your spell library contained the following spells:

 Spells                   Type           Power      Damage    Failure   Level
 Cause Fear               Hex            11%        N/A       22%         4
 Beastly Appendage        Tmut           8%         N/A       32%         1
 Freeze                   Ice            16%        1d4       32%         1
 Scorch                   Fire           8%         2d5       43%         2
 Wereblood                Tmut           4%         N/A       43%         2
 Frozen Ramparts          Ice            8%         1d2       67%         3
 Hailstorm                Conj/Ice       4%         3d4       67%         3
 Spider Form              Tmut/Pois      4%         N/A       67%         3
 Flame Wave               Conj/Fire      4%         2d5       97%         4
 Dispersal                Tloc           9%         N/A       100%        6
 Summon Cactus Giant      Summ           Unusable   N/A       N/A         6

Dungeon Overview and Level Annotations

Branches:
Dungeon (8/15)             Temple (0/1) D:7
   Lair: D:8-11

Altars:
Cheibriados
Fedhas
Makhleb
Nemelex Xobeh
Okawaru
Qazlal
Ru
Trog
Xom
Yredelemnul
The Shining One

Shops:
D:1 ?((   D:4 *

Annotations:
D:1 exclusions: dancing weapon and 2 more exclusions
D:7 3 runed translucent doors, CharlotteRot's ghost, novice DECj; azzazzello's ghost, novice FoFi
D:8 Joseph


Innate Abilities, Weirdness & Mutations

You are very small and have problems with some larger weapons.
You are too small for most types of armour.
You have supernaturally acute eyesight. (SInv)
You cover ground extremely quickly. (Speed+++)


Message History

Aiming: Throw Flame
Press: ? - help, Shift-Dir - straight line, f/p - rakshasa
Aim: a rakshasa, wielding a +0 long sword and wearing a +0 robe (heavily wounded, 57% to hit)
The puff of flame hits the rakshasa!
The rakshasa is heavily wounded.
Aiming: Throw Flame
Press: ? - help, Shift-Dir - straight line, f - rakshasa
Aim: a rakshasa, wielding a +0 long sword and wearing a +0 robe (heavily wounded, 57% to hit)
The puff of flame hits the rakshasa.
The rakshasa is severely wounded.
Aiming: Throw Flame
Press: ? - help, Shift-Dir - straight line, f/p - rakshasa
Aim: a rakshasa, wielding a +0 long sword and wearing a +0 robe (heavily wounded, 57% to hit)
The puff of flame hits the rakshasa but does no damage.
The rakshasa is heavily wounded.
You shoot a sling bullet.
The sling bullet closely misses the rakshasa.
The sling bullet hits the rakshasa but does no damage.
The rakshasa is heavily wounded.
The rakshasa hits you with a +0 long sword.
You shoot a sling bullet. The sling bullet hits the rakshasa.
The rakshasa is severely wounded.
You shoot a sling bullet.
The sling bullet completely misses the rakshasa.
The sling bullet hits the rakshasa.
The rakshasa is severely wounded.
The rakshasa gestures at you. The lance of force hits you!
You are knocked back by the lance of force.
You slam into the rock wall!
* * * LOW HITPOINT WARNING * * *
You are too injured to fight recklessly!
You are too injured to fight recklessly!
Aiming: Throw Flame
Press: ? - help, Shift-Dir - straight line, f/p - rakshasa
Aim: a rakshasa, wielding a +0 long sword and wearing a +0 robe (severely wounded, 57% to hit)
The puff of flame hits the rakshasa!
The rakshasa is almost dead.
The rakshasa hits you with a +0 long sword!!
You die...

## ..... #.#. #..
#.###### ##.....@##
.......##.#R##
##.###.#.###R#####.#
#......## ##R.....#
#####
#...##.#.###.#######
....###.........#.##
..........##.....##
.##.##.######...##
.##.##.# #...#


You could see 3 rakshasas.

Vanquished Creatures
  Maggie (D:8)
  Sigmund (D:3)
  A wyvern (D:7)
  A steam dragon (D:6)
  A water moccasin (D:4)
  Duvessa (D:4)
  An ice beast (D:6)
  5 ogres
  2 black bears
  A sky beast (D:6)
  A centaur (D:7)
  A kobold brigand (D:8)
  Blork the orc (D:3)
  7 bullfrogs
  A scorpion (D:4)
  A wight (D:7)
  Dowan (D:4)
  3 killer bees (D:8)
  A howler monkey (D:6)
  5 hounds
  A jelly (D:7)
  3 sleepcaps
  A gnoll bouda (D:7)
  3 iguanas
  An orc wizard (D:3)
  Robin (D:3)
  6 gnolls
  6 adders
  A white imp (D:5)
  An ufetubus (D:5)
  10 orcs
  3 bats
  6 endoplasms
  4 giant cockroaches
  14 goblins
  8 hobgoblins
  3 jackals (D:2)
  12 kobolds
  5 quokkas
  9 ball pythons
  2 frilled lizards
  8 rats
145 creatures vanquished.

Vanquished Creatures (others)
  A sleepcap (D:6)
1 creature vanquished.

Grand Total: 146 creatures vanquished

Notes
Turn   | Place    | Note
-------+----------+-------------------------------------------
     0 | D:1      | arthad the Spriggan Hexslinger began the quest for the Orb.
     0 | D:1      | Reached XP level 1. HP: 9/9 MP: 3/3
   105 | D:1      | Found Belluwn's Magic Scroll Shop.
   179 | D:1      | Found Inugri's Antique Weapon Shoppe.
   199 | D:1      | Reached skill level 1 in Fighting
   202 | D:1      | Reached XP level 2. HP: 14/14 MP: 5/5
   218 | D:1      | Reached skill level 3 in Dodging
   250 | D:1      | Found a faded altar of an unknown god.
   358 | D:1      | Noticed a +0 great mace
   360 | D:1      | Found Januosalej's Weapon Shoppe.
   362 | D:1      | Noticed a +0 executioner's axe
   813 | D:1      | Reached XP level 3. HP: 18/18 MP: 7/7
  1369 | D:2      | Learned a level 3 spell: Inner Flame
  1771 | D:3      | Reached XP level 4. HP: 22/22 MP: 8/8
  1771 | D:3      | Noticed Robin
  1798 | D:3      | Killed Robin
  2059 | D:3      | Learned a level 3 spell: Portal Projectile
  2092 | D:3      | Noticed Sigmund
  2123 | D:3      | Killed Sigmund
  2124 | D:3      | Reached skill level 4 in Dodging
  2124 | D:3      | Reached XP level 5. HP: 26/26 MP: 8/10
  2180 | D:3      | Found a sacrificial altar of Ru.
  2199 | D:3      | Reached XP level 6. HP: 28/30 MP: 11/11
  2609 | D:4      | Noticed Blork the orc
  2648 | D:3      | Killed Blork the orc
  2735 | D:3      | Reached skill level 5 in Hexes
  2911 | D:4      | Found a sparkling altar of Nemelex Xobeh.
  3026 | D:4      | Noticed Dowan
  3027 | D:4      | Noticed Duvessa
  3056 | D:4      | Killed Dowan
  3091 | D:4      | Killed Duvessa
  3092 | D:4      | Reached XP level 7. HP: 7/35 MP: 13/13
  3212 | D:4      | Found Oseug's General Store.
  3283 | D:4      | Found an iron altar of Okawaru.
  3283 | D:4      | Found a bloodstained altar of Trog.
  3294 | D:4      | Became a worshipper of Warmaster Okawaru
  3379 | D:4      | You fall into a shaft and drop 3 floors!
  3384 | D:7      | Noticed a wyvern
  3421 | D:7      | Reached skill level 5 in Dodging
  3427 | D:7      | Found a staircase to the Ecumenical Temple.
  3487 | D:5      | Entered Level 5 of the Dungeon
  3576 | D:4      | Found a burning altar of Makhleb.
  3699 | D:4      | Reached skill level 5 in Ranged Weapons
  3699 | D:4      | Reached skill level 1 in Stealth
  3699 | D:4      | Reached skill level 1 in Translocations
  3957 | D:5      | Reached skill level 1 in Evocations
  4498 | D:4      | Reached * piety under Okawaru
  4603 | D:5      | Reached skill level 1 in Invocations
  4603 | D:5      | Reached XP level 8. HP: 40/40 MP: 15/15
  5113 | D:6      | Reached skill level 6 in Dodging
  5313 | D:6      | Found a glowing golden altar of the Shining One.
  5363 | D:6      | Found a stormy altar of Qazlal.
  5365 | D:6      | Noticed an air elemental
  5520 | D:6      | Reached ** piety under Okawaru
  6033 | D:6      | Learned a level 3 spell: Gell's Gravitas
  6037 | D:6      | Learned a level 3 spell: Teleport Other
  6157 | D:7      | Reached skill level 5 in Spellcasting
  6167 | D:7      | Reached XP level 9. HP: 5/45 MP: 13/17
  6375 | D:7      | Reached skill level 7 in Dodging
  6632 | D:7      | Found a snail-covered altar of Cheibriados.
  6633 | D:7      | Found a blossoming altar of Fedhas.
  6682 | D:7      | Found a basalt altar of Yredelemnul.
  6685 | D:7      | Found a shimmering altar of Xom.
  6726 | D:7      | Found a runed translucent gate.
  6727 | D:7      | Found a runed translucent gate.
  6729 | D:7      | Found a runed translucent gate.
  6731 | D:7      | Noticed azzazzello's ghost (novice FoFi)
  6731 | D:7      | Noticed CharlotteRot's ghost (novice DECj)
  7285 | D:8      | Noticed Maggie
  7343 | D:8      | Killed Maggie
  7476 | D:8      | Noticed Joseph
  7479 | D:8      | Noticed a rakshasa
  7951 | D:8      | Reached *** piety under Okawaru
  8235 | D:8      | Mangled by a rakshasa (illusionary)

Illustrated notes

Levels and vault maps discovered:
D:1:      onia_arrival_mini_maze_b, layout_basic,
          hellmonk_ecumenical_altar_zigzags, serial_shops, nicolae_diamond_shop,
          nicolae_shop_mannequins, nicolae_shop_tiny_glass
D:2:      layout_loops_ring, hangedman_feature_mirror
D:3:      layout_loops_ring, nicolae_ru_great_annihilating_truth, minivault_5,
          minmay_gold_behind_fungi, uniq_sigmund, uniq_robin
D:4:      layout_gridville, grunt_temple_overflow_bloody_war, bloody_makhleb,
          mainiacjoe_overflow_concentric_impassable, nicolae_take_the_stairs,
          uniq_blork_the_orc, uniq_duvessa
D:5:      layout_gridville, nicolae_eternal_life
D:6:      layout_loops_ring, lemuel_tele_altar,
          nicolae_qazlal_style_of_elements, st_stairs_9, nicolae_hexahallways
D:7:      layout_loops_ring, minitemple, mainiacjoe_overflow_divided_tiny,
          temple_pool_b, gammafunk_ghost_cemetery,
          nicolae_elevator_lobby_asterisk
D:8:      layout_loops_cross, minmay_manual_moon, uniq_joseph, uniq_maggie

Skill      XL: |  1  2  3  4  5  6  7  8  9 |
---------------+----------------------------+-----
Fighting       | 1 2 3 4 |  4.7
Dodging        | 3 4 5 6 7 |  7.8
Spellcasting   | 2 3 4 5 |  5.5
Hexes          | 4 5 6 |  6.5
Ranged Weapons | 3 4 5 6 |  6.6
Stealth        | 2 3 4 |  4.9
Translocations | 1 3 4 |  4.7
Evocations     | 1 2 4 |  4.0
Invocations    | 1 2 3 |  3.0

Action                     |  1- 3 |  4- 6 |  7- 9 || total
---------------------------+-------+-------+-------++-------
   Fire: Sling             |   150 |   116 |   513 ||   779
   Cast: Slow              |     3 |    11 |    34 ||    48
         Gell's Gravitas   |       |       |     3 ||     3
         Portal Projectile |       |       |     2 ||     2
         Inner Flame       |       |       |     2 ||     2
         Teleport Other    |       |       |     1 ||     1
 Invoke: Heroism           |       |       |     1 ||     1
  Evoke: Wand              |       |     5 |    21 ||    26
         Phantom mirror    |       |     1 |       ||     1
    Use: Potion            |       |     4 |     3 ||     7
         Scroll            |       |     1 |     2 ||     3
 Armour: Robe              |     5 |     4 |    24 ||    33
         Acid dragon scale |       |       |     9 ||     9
  Dodge: Dodged            |    40 |    59 |   256 ||   355
